TOP OF THE 1ST |
---|
Quincy Doughboys batting - Pitching for Ottawa Fat Cats : RHP Joe Bell | Pitching: RHP Joe Bell | | Batting: SHB Gonzalo López | 0-0: Called Strike 0-1: Called Strike 0-2: Ball 1-2: Foul Ball, location: 2F 1-2: Strikes out looking | Batting: RHB Ramiro Villescaz | 0-0: Ball 1-0: Ground out 6-3 (Groundball, 6) | Batting: RHB Pedro Cuevas | 0-0: Ball 1-0: Ball 2-0: Foul Ball, location: 2F 2-1: Called Strike 2-2: SINGLE (Flyball, 9S) | Batting: SHB David Bennett | 0-0: Called Strike 0-1: Swinging Strike 0-2: Fly out, F8 (Flyball, 8RM) | Top of the 1st over - 0 runs, 1 hit, 0 errors, 1 left on base; Quincy 0 - Ottawa 0 | BOTTOM OF THE 1ST |
---|
Ottawa Fat Cats batting - Pitching for Quincy Doughboys : LHP Joey Krause | Pitching: LHP Joey Krause | | Batting: RHB Carlino Marinis | 0-0: Called Strike 0-1: Ball 1-1: Ground out 6-3 (Groundball, 6) | Batting: RHB Jesús Herrera | 0-0: Foul Ball, location: 2F 0-1: Ball 1-1: Called Strike 1-2: Ball 2-2: Ground out 6-3 (Groundball, 6) | Batting: RHB León Reynoso | 0-0: SINGLE (Line Drive, 3D) | Batting: RHB Robert Blanchard | 0-0: Ball 1-0: Ball 2-0: SINGLE (Line Drive, 34) León Reynoso to second | Batting: RHB Louis-Alexandre Lévesque | 0-0: SINGLE (Line Drive, 78S) León Reynoso to third Robert Blanchard to second Runner from 3rd tries for Home, SAFE, no throw | Batting: SHB Raúl Rivas | 0-0: Ball 1-0: Foul Ball, location: 2F 1-1: Foul Ball, location: 2F 1-2: Ground out U3 (Groundball, 34) | Bottom of the 1st over - 1 run, 3 hits, 0 errors, 2 left on base; Quincy 0 - Ottawa 1 | TOP OF THE 2ND |
---|
Quincy Doughboys batting - Pitching for Ottawa Fat Cats : RHP Joe Bell | Batting: RHB Louis Miller | 0-0: Swinging Strike 0-1: Swinging Strike 0-2: Ball 1-2: Strikes out looking | Batting: LHB Rob Johnson | 0-0: Called Strike 0-1: Called Strike 0-2: Ball 1-2: Ball 2-2: Ball 3-2: Strikes out swinging | Batting: LHB Esteban Rodríguez | 0-0: Called Strike 0-1: Ball 1-1: Foul Ball, location: 2F 1-2: Foul Ball, location: 2F 1-2: Foul Ball, location: 2F 1-2: Foul Ball, location: 2F 1-2: Foul Ball, location: 2F 1-2: Strikes out looking | Top of the 2nd over - 0 runs, 0 hits, 0 errors, 0 left on base; Quincy 0 - Ottawa 1 | BOTTOM OF THE 2ND |
---|
Ottawa Fat Cats batting - Pitching for Quincy Doughboys : LHP Joey Krause | Batting: RHB Joseph Leach | 0-0: Ball 1-0: Called Strike 1-1: Ball 2-1: Ball 3-1: Base on Balls | Batting: LHB Geoff May | 0-0: Swinging Strike 0-1: Swinging Strike 0-2: Ball 1-2: Fly out, F8 (Flyball, 8LS) | Batting: RHB Tim Hesse | 0-0: Ball 1-0: Called Strike 1-1: Foul Ball, location: 2F 1-2: Grounds into double play, 5-4-3 (Groundball, 5L) | Bottom of the 2nd over - 0 runs, 0 hits, 0 errors, 0 left on base; Quincy 0 - Ottawa 1 | TOP OF THE 3RD |
---|
Quincy Doughboys batting - Pitching for Ottawa Fat Cats : RHP Joe Bell | Batting: LHB Raúl Luna | 0-0: Swinging Strike 0-1: Foul Ball, location: 2F 0-2: Strikes out swinging | Batting: LHB Esteban Pérez | 0-0: Called Strike 0-1: Swinging Strike 0-2: Ball 1-2: Strikes out swinging | Batting: SHB Gonzalo López | 0-0: Ball 1-0: Fly out, F9 (Flyball, 9) | Top of the 3rd over - 0 runs, 0 hits, 0 errors, 0 left on base; Quincy 0 - Ottawa 1 | BOTTOM OF THE 3RD |
---|
Ottawa Fat Cats batting - Pitching for Quincy Doughboys : LHP Joey Krause | Batting: RHB Carlino Marinis | 0-0: Ball 1-0: Ball 2-0: Foul Ball, location: 2F 2-1: Ball 3-1: Base on Balls | Batting: RHB Jesús Herrera | 0-0: Fly out, F8 (Flyball, 8RS) | Batting: RHB León Reynoso | 0-0: Called Strike 0-1: Foul Ball, location: 2F 0-2: Ball 1-2: Foul Ball, location: 2F 1-2: SINGLE (Groundball, 34S) (infield hit) Carlino Marinis to second | Batting: RHB Robert Blanchard | 0-0: Ball Wild Pitch! Carlino Marinis to third León Reynoso to second 1-0: Ball 2-0: Ball 3-0: Base on Balls | Batting: RHB Louis-Alexandre Lévesque | 0-0: Foul Ball, location: 2F 0-1: Ball 1-1: Called Strike 1-2: Grounds into double play, 6-4-3 (Groundball, 6) | Bottom of the 3rd over - 0 runs, 1 hit, 0 errors, 2 left on base; Quincy 0 - Ottawa 1 | TOP OF THE 4TH |
---|
Quincy Doughboys batting - Pitching for Ottawa Fat Cats : RHP Joe Bell | Batting: RHB Ramiro Villescaz | 0-0: SOLO HOME RUN (Flyball, 7D), Distance : 370 ft | Batting: RHB Pedro Cuevas | 0-0: Ball 1-0: Swinging Strike 1-1: Ball 2-1: Fly out, F3 (Popup, 3SF) | Batting: SHB David Bennett | 0-0: Foul Ball, location: 2F 0-1: Ball 1-1: Ball 2-1: SINGLE (Line Drive, 89S) | Batting: RHB Louis Miller | 0-0: Called Strike 0-1: Swinging Strike 0-2: Strikes out looking | Batting: LHB Rob Johnson | 0-0: Called Strike 0-1: Ball 1-1: Ball 2-1: Ball 3-1: Base on Balls David Bennett to second | Batting: LHB Esteban Rodríguez | 0-0: DOUBLE (Line Drive, 9LS) David Bennett scores Rob Johnson to third | Batting: LHB Raúl Luna | 0-0: Ball 1-0: Ball 2-0: Ball 3-0: Base on Balls | Batting: LHB Esteban Pérez | 0-0: Ball 1-0: Ball 2-0: Called Strike 2-1: Ground out 5-3 (Groundball, 56) | Top of the 4th over - 2 runs, 3 hits, 0 errors, 3 left on base; Quincy 2 - Ottawa 1 | BOTTOM OF THE 4TH |
---|
Ottawa Fat Cats batting - Pitching for Quincy Doughboys : LHP Joey Krause | Batting: SHB Raúl Rivas | 0-0: Foul Ball, location: 2F 0-1: Foul Ball, location: 2F 0-2: Strikes out swinging | Batting: RHB Joseph Leach | 0-0: Called Strike 0-1: SINGLE (Line Drive, 3D) | Batting: LHB Geoff May | 0-0: Called Strike 0-1: Grounds into double play, 4-6-3 (Groundball, 4) | Bottom of the 4th over - 0 runs, 1 hit, 0 errors, 0 left on base; Quincy 2 - Ottawa 1 | TOP OF THE 5TH |
---|
Quincy Doughboys batting - Pitching for Ottawa Fat Cats : RHP Joe Bell | Batting: SHB Gonzalo López | 0-0: Fly out, F4 (Popup, 4) | Batting: RHB Ramiro Villescaz | 0-0: Ball 1-0: Ball 2-0: Foul Ball, location: 2F 2-1: Foul Ball, location: 2F 2-2: Ball 3-2: Strikes out swinging | Batting: RHB Pedro Cuevas | 0-0: Ball 1-0: Ball 2-0: Swinging Strike 2-1: Swinging Strike 2-2: Strikes out looking | Top of the 5th over - 0 runs, 0 hits, 0 errors, 0 left on base; Quincy 2 - Ottawa 1 | BOTTOM OF THE 5TH |
---|
Ottawa Fat Cats batting - Pitching for Quincy Doughboys : LHP Joey Krause | Batting: RHB Tim Hesse | 0-0: Foul Ball, location: 2F 0-1: Ball 1-1: Foul Ball, location: 2F 1-2: Foul Ball, location: 2F 1-2: Ball 2-2: SINGLE (Line Drive, 6MD) | Batting: RHB Carlino Marinis | 0-0: Fly out, F8 (Flyball, 8LD) | Batting: RHB Jesús Herrera | 0-0: Ball 1-0: Foul Ball, location: 2F 1-1: Foul Ball, location: 2F 1-2: Fielders Choice at 2nd, 4-6 (Groundball, 4) | Batting: RHB León Reynoso | 0-0: Called Strike 0-1: Ball 1-1: Ball 2-1: Ball 3-1: DOUBLE (Line Drive, 78D) Jesús Herrera to third Runner from 3rd tries for Home, SAFE, no throw | Batting: RHB Robert Blanchard | 0-0: Intentional Walk | Batting: RHB Louis-Alexandre Lévesque | 0-0: Ball 1-0: Ball 2-0: Ball 3-0: Called Strike 3-1: Called Strike 3-2: SINGLE (Groundball, 56D) León Reynoso to third Robert Blanchard to second León Reynoso scores Robert Blanchard to third | Batting: SHB Raúl Rivas | 0-0: Called Strike 0-1: Fly out, F9 (Flyball, 9S) | Bottom of the 5th over - 2 runs, 3 hits, 0 errors, 2 left on base; Quincy 2 - Ottawa 3 | TOP OF THE 6TH |
---|
Quincy Doughboys batting - Pitching for Ottawa Fat Cats : RHP Joe Bell | Batting: SHB David Bennett | 0-0: Foul Ball, location: 2F 0-1: Swinging Strike 0-2: Foul Ball, location: 2F 0-2: Ball 1-2: Strikes out looking | Batting: RHB Louis Miller | 0-0: Ball 1-0: Ball 2-0: SINGLE (Groundball, 56D) | Pinch Runner at 1st Ben Martin: | | Batting: LHB Rob Johnson | 0-0: Fly out, F7 (Flyball, 7) | Batting: LHB Esteban Rodríguez | 0-0: Called Strike 0-1: Ball 1-1: Foul Ball, location: 2F 1-2: Strikes out looking | Top of the 6th over - 0 runs, 1 hit, 0 errors, 1 left on base; Quincy 2 - Ottawa 3 | BOTTOM OF THE 6TH |
---|
Ottawa Fat Cats batting - Pitching for Quincy Doughboys : LHP Joey Krause | Now at 2B: Ben Martin | | Batting: RHB Joseph Leach | 0-0: Fly out, F4 (Popup, 4) | Batting: LHB Geoff May | 0-0: Foul Ball, location: 2F 0-1: Swinging Strike 0-2: Ball 1-2: Ball 2-2: Foul Ball, location: 2F 2-2: Ground out 5-3 (Groundball, 56) | Pitching: RHP Craig Nolan | | Batting: RHB Tim Hesse | 0-0: Called Strike 0-1: Swinging Strike 0-2: Foul Ball, location: 2F 0-2: Strikes out looking | Bottom of the 6th over - 0 runs, 0 hits, 0 errors, 0 left on base; Quincy 2 - Ottawa 3 | TOP OF THE 7TH |
---|
Quincy Doughboys batting - Pitching for Ottawa Fat Cats : RHP Joe Bell | Batting: LHB Raúl Luna | 0-0: Ball 1-0: Ball 2-0: Ball 3-0: Base on Balls | Pinch Hitting: RHB Luis Díaz | 0-0: Ball 1-0: Swinging Strike 1-1: Ball 2-1: Foul Ball, location: 2F 2-2: Strikes out looking | Pinch Hitting: LHB José Martínez | 0-0: Called Strike 0-1: Foul Ball, location: 2F 0-2: Ball 1-2: Strikes out swinging | Batting: RHB Ramiro Villescaz | 0-0: Called Strike Raúl Luna steals 2nd base 0-1: SINGLE (Groundball, 6D) Raúl Luna to third Runner from 3rd tries for Home, SAFE, no throw | Batting: RHB Pedro Cuevas | 0-0: 2-RUN HOME RUN (Flyball, 7LD), Distance : 364 ft | Pitching: RHP Jorge Báez | | Batting: SHB David Bennett | 0-0: Ball 1-0: Called Strike 1-1: Swinging Strike 1-2: Foul Ball, location: 2F 1-2: Fly out, F7 (Flyball, 7) | Top of the 7th over - 3 runs, 2 hits, 0 errors, 0 left on base; Quincy 5 - Ottawa 3 | BOTTOM OF THE 7TH |
---|
Ottawa Fat Cats batting - Pitching for Quincy Doughboys : RHP Craig Nolan | Now in CF: Tomás Gonzáles | | Now in RF: José Martínez | | Batting: RHB Carlino Marinis | 0-0: Foul Ball, location: 2F 0-1: Ball 1-1: Ground out 4-3 (Groundball, 4) | Batting: RHB Jesús Herrera | 0-0: Called Strike 0-1: Ball 1-1: Foul Ball, location: 2F 1-2: Foul Ball, location: 2F 1-2: Foul Ball, location: 2F 1-2: Ball 2-2: Ball 3-2: Strikes out swinging | Batting: RHB León Reynoso | 0-0: Called Strike 0-1: Ball 1-1: Ball 2-1: Foul Ball, location: 2F 2-2: Strikes out swinging | Bottom of the 7th over - 0 runs, 0 hits, 0 errors, 0 left on base; Quincy 5 - Ottawa 3 | TOP OF THE 8TH |
---|
Quincy Doughboys batting - Pitching for Ottawa Fat Cats : RHP Jorge Báez | Batting: RHB Ben Martin | 0-0: Foul Ball, location: 2F 0-1: Ball 1-1: Ball 2-1: Ground out 4-3 (Groundball, 4) | Pitching: LHP Danilo Gauci | | Batting: LHB Rob Johnson | 0-0: Called Strike 0-1: Called Strike 0-2: Foul Ball, location: 2F 0-2: Strikes out swinging, 2-3 out at first. | Batting: LHB Esteban Rodríguez | 0-0: Called Strike 0-1: SINGLE (Line Drive, 7S) | Batting: LHB Raúl Luna | 0-0: Called Strike 0-1: Ground out 5-3 (Groundball, 56S) | Top of the 8th over - 0 runs, 1 hit, 0 errors, 1 left on base; Quincy 5 - Ottawa 3 | BOTTOM OF THE 8TH |
---|
Ottawa Fat Cats batting - Pitching for Quincy Doughboys : RHP Craig Nolan | Pitching: RHP Orlando Molina | | Batting: RHB Robert Blanchard | 0-0: Fly out, F4 (Line Drive, 4) | Batting: RHB Louis-Alexandre Lévesque | 0-0: Ground out 6-3 (Groundball, 6) | Batting: SHB Raúl Rivas | 0-0: Ball 1-0: Ball 2-0: Called Strike 2-1: Ball 3-1: Base on Balls | Batting: RHB Joseph Leach | 0-0: Ball 1-0: SINGLE (Groundball, 6D) Raúl Rivas to second | Batting: LHB Geoff May | 0-0: Called Strike 0-1: Called Strike 0-2: Foul Ball, location: 2F 0-2: Ball 1-2: Ball 2-2: Fly out, F8 (Flyball, 78D) | Bottom of the 8th over - 0 runs, 1 hit, 0 errors, 2 left on base; Quincy 5 - Ottawa 3 | TOP OF THE 9TH |
---|
Quincy Doughboys batting - Pitching for Ottawa Fat Cats : LHP Danilo Gauci | Pitching: LHP Danny Campbell | | Batting: LHB Tomás Gonzáles | 0-0: Called Strike 0-1: Swinging Strike 0-2: Strikes out looking | Batting: LHB José Martínez | 0-0: Swinging Strike 0-1: Fly out, F5 (Popup, 5SF) | Batting: RHB Ramiro Villescaz | 0-0: Called Strike 0-1: SINGLE (Groundball, 56D) | Batting: RHB Pedro Cuevas | 0-0: Ball Ramiro Villescaz is caught stealing 2nd base | Top of the 9th over - 0 runs, 1 hit, 0 errors, 0 left on base; Quincy 5 - Ottawa 3 | BOTTOM OF THE 9TH |
---|
Ottawa Fat Cats batting - Pitching for Quincy Doughboys : RHP Orlando Molina | Batting: RHB Tim Hesse | 0-0: Ball 1-0: Called Strike 1-1: Foul Ball, location: 2F 1-2: Strikes out swinging | Batting: RHB Carlino Marinis | 0-0: Foul Ball, location: 2F 0-1: Swinging Strike 0-2: Ball 1-2: Ball 2-2: Strikes out swinging | Batting: RHB Jesús Herrera | 0-0: SINGLE (Groundball, 4S) (infield hit) | Batting: RHB León Reynoso | 0-0: Ball 1-0: Called Strike 1-1: Swinging Strike 1-2: Foul Ball, location: 2F 1-2: Strikes out swinging | Bottom of the 9th over - 0 runs, 1 hit, 0 errors, 1 left on base; Quincy 5 - Ottawa 3 | |